 Dungeon Crawl Stone Soup version 0.29.1-15-g9cfb28693d (webtiles) character file.

Game seed: 2309806535997177144

18 leafyfresh the Sneak (level 2, 0/21 HPs)
             Began as an Octopode Delver on Apr 6, 2023.
             Slain by an adder (3 damage)
             ... on level 4 of the Dungeon.
             The game lasted 00:00:47 (160 turns).

leafyfresh the Sneak (Octopode Delver)               Turns: 160, Time: 00:00:47

Health: 0/21       AC:  1    Str: 11    XL:     2   Next: 70%
Magic:  2/2        EV: 17    Int: 12    God:
Gold:   23         SH:  0    Dex: 13    Spells: 1/1 levels left

rFire   . . .      SeeInvis .   a - +0 short sword
rCold   . . .      Faith    .   (no shield)
rNeg    . . .      Spirit   .   (helmet restricted)
rPois   .          Reflect  .   (no amulet)
rElec   .          Harm     .   g - +4 ring of evasion
rCorr   .          Rampage  .   (no ring)
Will    .....                   (no ring)
Stlth   +++++.....              (no ring)
HPRegen 0.07/turn               (no ring)
MPRegen 0.08/turn               (no ring)
                                (no ring)
                                (no ring)

@: no status effects
A: almost no armour, amphibious, 8 rings, camouflage 1, gelatinous body 1,
nimble swimmer 1, tentacles
a: no special abilities


You were on level 4 of the Dungeon.
You visited 1 branch of the dungeon, and saw 2 of its levels.

You collected 23 gold pieces.

Inventory:

Hand Weapons
 a - a +0 short sword (weapon)
Jewellery
 g - a +4 ring of evasion (left tentacle)
Wands
 f - a wand of digging (3)
Scrolls
 b - a scroll of fog
 c - a scroll of magic mapping
Potions
 e - a potion of haste


   Skills:
 + Level 3.3 Fighting
 - Level 2.0 Short Blades
 + Level 2.4 Dodging
 + Level 6.9 Stealth


You had one spell level left.
You didn't know any spells.
Your spell library contained the following spells:

 Spells                   Type           Power      Damage    Failure   Level
 Inner Flame              Hex/Fire       0%         N/A       69%         3
 Cause Fear               Hex            0%         N/A       97%         4
 Discord                  Hex            0%         N/A       100%        8


Dungeon Overview and Level Annotations

Branches:
Dungeon (5/15)
 Temple: D:4-7

Altars:
Okawaru

Portals:
Sewer: D:4


Innate Abilities, Weirdness & Mutations

You cannot wear most types of armour.
You are amphibious.
You can wear up to eight rings at the same time.
Your skin changes colour to match your surroundings (Stealth+).
Your rubbery body absorbs attacks. (AC +1, EV +1)
You are camouflaged when in or above water. (Stealth+)
You have tentacles for arms and can constrict up to eight enemies at once.


Message History

The gnoll is severely wounded.
You constrict the gnoll. The gnoll completely misses you.
You hit the gnoll.
The gnoll is severely wounded.
You constrict the gnoll, but do no damage.
The gnoll barely misses you.
You hit the gnoll.
You kill the gnoll!
You see here a +0 whip.
There is an open door here.
Found 8 gold pieces.
A hound comes into view.
The hound moves out of view.
A scorpion comes into view.
Found a stone staircase leading up.
Found 7 stones.
The hound barks!
You closely miss the hound. Your grab misses the hound. The hound misses you.
You barely miss the hound. You grab the hound.
You tentacle-slap the hound, but do no damage.
You constrict the hound. The hound closely misses you. The hound bites you.
You hit the hound.
The hound is moderately wounded.
You constrict the hound. The hound misses you.
You hit the hound. You squeeze the hound.
The hound is heavily wounded.
You constrict the hound, but do no damage.
The hound bites you. x2
* * * LOW HITPOINT WARNING * * *
As you read the scroll of fear, it crumbles to dust.
You assume a fearsome visage.
The hound looks frightened!
The scorpion looks frightened!
You constrict the hound, but do no damage.
The hound escapes!
Unknown command.
An adder comes into view.
The adder hisses angrily.
Found a glowing drain.
You closely miss the adder. Your grab misses the adder. The adder bites you.
You die...

#.# #.# #... #.#
..<##..# #.#####... ...#
#........# #..#
#...$....# #..#
#........# #..#
~♣.s.....###.(##########
.~..............@S~~~~~∩
~...............########
#............####
##############


You could see an adder.

Vanquished Creatures
  A gnoll (D:4)
  An adder (D:5)
2 creatures vanquished.

Notes
Turn   | Place    | Note
-------+----------+-------------------------------------------
     0 | D:5      | leafyfresh the Octopode Delver began the quest for the Orb.
     0 | D:5      | Reached XP level 1. HP: 16/16 MP: 1/1
    26 | D:5      | Reached XP level 2. HP: 21/21 MP: 2/2
    56 | D:5      | Noticed a phantom
   103 | D:4      | Found an iron altar of Okawaru.
   139 | D:4      | Noticed a scorpion
   159 | D:4      | Found a glowing drain.
   160 | D:4      | Slain by an adder

Illustrated notes

Levels and vault maps discovered:
D:4:      layout_loops_ring, mainiacjoe_overflow_six_doors_small,
          minmay_temple_entry_hall, portal_sewer_entry_d, serial_shops,
          nicolae_shop_crystal, serial_bayou_pond_e
D:5:      layout_loops_ring, chequers_serial_rivers_micro_b

Action                   || total
-------------------------++-------
Melee: Short sword       ||    10
       Constrict         ||     2
       Tentacles         ||     2
       Punch             ||     1
  Use: Scroll            ||     1
 Stab: Sleeping          ||     1
Dodge: Dodged            ||     5
